 Dungeon Crawl Stone Soup version 0.28.0-45-g0d030f2227 (webtiles) character file.

Game seed: 15863170978070741558

447 MisterFreud the Slasher (level 6, -8/50 HPs)
             Began as a Palentonga Fighter on Apr 24, 2022.
             Mangled by an ogre
             ... wielding a +0 giant club
              (14 damage)
             ... on level 6 of the Dungeon.
             The game lasted 00:04:18 (4072 turns).

MisterFreud the Slasher (Palentonga Fighter)        Turns: 4072, Time: 00:04:18

Health: -8/50      AC: 11    Str: 24    XL:     6   Next: 73%
Magic:  6/6        EV:  8    Int:  8    God:
Gold:   137        SH:  4    Dex: 11    Spells: 5/5 levels left

rFire   . . .      SeeInvis +   a - +0 long sword
rCold   . . .      Faith    .   c - +0 buckler
rNeg    . . .      Spirit   .   q - +3 ring mail of the Hall of Blades {rPois Str+4}
rPois   +          Reflect  .   (no helmet)
rElec   .          Harm     .   m - +0 cloak
rCorr   .          Rampage  .   l - +0 pair of gloves
Will    .....                   (no barding)
Stlth   +.........              (no amulet)
HPRegen 0.16/turn               (no ring)
MPRegen 0.10/turn               (no ring)

@: no status effects
A: large, rugged brown scales 3, see invisible, deformed body, roll 1, armoured
tail
a: Rolling Charge


You were on level 6 of the Dungeon.
You visited 1 branch of the dungeon, and saw 6 of its levels.

You collected 137 gold pieces.

Inventory:

Hand Weapons
 a - a +0 long sword (weapon)
Missiles
 i - 7 boomerangs
Armour
 b - a +0 scale mail
 c - a +0 buckler (worn)
 l - a +0 pair of gloves (worn)
 m - a +0 cloak (worn)
 q - the +3 ring mail of the Hall of Blades (worn) {rPois Str+4}
   (You found it on level 2 of the Dungeon)

   Str:       It affects your strength (+4).
   rPois:     It protects you from poison.
Wands
 o - a wand of flame (6)
Scrolls
 g - a scroll of noise {unknown}
 j - 4 scrolls of identify {unknown}
 k - a scroll of vulnerability {unknown}
 n - a scroll of amnesia {unknown}
 p - a scroll of summoning {unknown}
 t - 2 scrolls of fear {unknown}
 u - a scroll of blinking {unknown}
 v - a scroll of enchant weapon {unknown}
Potions
 d - 2 potions of might
 e - 2 potions of degeneration {unknown}
 f - 2 potions of lignification {unknown}
 h - 3 potions of mutation {unknown}
 r - 2 potions of flight {unknown}
 s - 2 potions of curing {unknown}


   Skills:
 - Level 3.0 Fighting
 + Level 7.3 Long Blades
 - Level 2.4 Armour
 - Level 2.4 Shields


You had 5 spell levels left.
You didn't know any spells.
Your spell library contained the following spells:

 Spells                   Type           Power      Damage    Failure   Level
 Corpse Rot               Necr/Air       0%         N/A       77%         2
 Poisonous Vapours        Pois/Air       0%         N/A       77%         2
 Gell's Gravitas          Tloc           0%         N/A       94%         3
 Lesser Beckoning         Tloc           0%         N/A       94%         3
 Teleport Other           Tloc           0%         N/A       94%         3


Dungeon Overview and Level Annotations

Branches:
Dungeon (6/15)
 Temple: D:4-7

Altars:

Shops:
D:5 (

Annotations:
D:2 Sigmund, Terence


Innate Abilities, Weirdness & Mutations

You are completely covered in rugged brown scales. (AC +3, +7% HP)
You have supernaturally acute eyesight. (SInv)
Armour fits poorly on your strangely shaped body.
You can roll at nearby foes to attack.
You have a long armoured tail.


Message History

You kill the iguana!
You see here an iguana corpse.
You start resting.
An adder is nearby!
An adder is nearby!
The adder hisses angrily.
You roll forward with a clatter of scales!
You closely miss the adder.
You hear a shout!
The adder barely misses you.
You hit the adder.
The adder is heavily wounded.
The adder barely misses you. x2
You miss the adder.
The adder is heavily wounded.
The adder barely misses you.
You slash the adder!
You kill the adder!
No target in view!
An ogre comes into view. It is wielding a +0 giant club.
You roll forward with a clatter of scales!
You slice the ogre!!
The ogre is severely wounded.
You hear an angry growl.
The ogre hits you with a +0 giant club!
You slash the ogre!
The ogre is almost dead.
The ogre hits you with a +0 giant club!
* * * LOW HITPOINT WARNING * * *
You completely miss the ogre.
The ogre is almost dead.
The ogre hits you with a +0 giant club!
* * * LOW HITPOINT WARNING * * *
You hit the ogre.
The ogre is almost dead.
You barely miss the ogre.
The ogre is almost dead.
A black bear comes into view.
The ogre hits you with a +0 giant club!
You die...

/.... ....#...#.
.....###.#..........
.........#..........
........##<.........
.................. .
..........##.......h
.(.............#....
#.###......#......#
#...##.#@O=##.
..##...##.†.#.#
............#.#
....#....#.#
###..#†##.....#
...#.####.#..
#..(...# #...#..
......... ###.. .
.........# #..


You could see a black bear (wandering) and an ogre.

Vanquished Creatures
  A necrophage (D:4)
  2 scorpions
  A howler monkey (D:5)
  A hound (D:4)
  2 iguanas
  Robin (D:3)
  4 adders
  An adder skeleton (D:4)
  2 worms
  2 dart slugs
  An orc (D:3)
  4 endoplasms
  A giant cockroach (D:1)
  14 goblins
  9 hobgoblins
  A quokka (D:4)
  5 ball pythons
  4 bats
  A frilled lizard (D:1)
  4 kobolds
  5 rats
66 creatures vanquished.

Notes
Turn   | Place    | Note
-------+----------+-------------------------------------------
     0 | D:1      | MisterFreud the Palentonga Fighter began the quest for the
                  | Orb.
     0 | D:1      | Reached XP level 1. HP: 19/19 MP: 1/1
   345 | D:1      | Reached XP level 2. HP: 25/25 MP: 2/2
   560 | D:1      | Found a faded altar of an unknown god.
   708 | D:2      | Noticed Sigmund
   708 | D:2      | Noticed Terence
   980 | D:2      | Reached skill level 3 in Long Blades
  1841 | D:3      | Reached XP level 3. HP: 31/31 MP: 3/3
  1847 | D:3      | Noticed Robin
  2123 | D:3      | Killed Robin
  2124 | D:3      | Reached skill level 4 in Long Blades
  2428 | D:3      | Reached XP level 4. HP: 24/37 MP: 4/4
  2822 | D:2      | Identified the +3 ring mail of the Hall of Blades {rPois
                  | Str+4}
  3002 | D:4      | Noticed a necrophage
  3012 | D:4      | Killed a necrophage
  3013 | D:4      | Reached skill level 5 in Long Blades
  3013 | D:4      | Reached XP level 5. HP: 41/43 MP: 5/5
  3395 | D:5      | Entered Level 5 of the Dungeon
  3464 | D:5      | Reached skill level 6 in Long Blades
  3534 | D:5      | Found Zocrab's Antique Weapon Shoppe.
  3561 | D:5      | Reached XP level 6. HP: 44/50 MP: 6/6
  3600 | D:5      | Noticed an ice beast
  3962 | D:6      | Reached skill level 7 in Long Blades
  4072 | D:6      | Mangled by an ogre

Illustrated notes

Levels and vault maps discovered:
D:1:      tarquinn_simple_flora_water_f, layout_loops_cross,
          ebering_ecumenical_altar_webs
D:2:      layout_basic, uniq_sigmund, uniq_terence
D:3:      layout_rooms, uniq_robin
D:4:      layout_cave_pools
D:5:      layout_loops_corners, serial_shops, kennysheep_mini_moat, shop, shop,
          shop_fountains, feat_on_display, uniq_crazy_yiuf_cottage
D:6:      layout_rooms

Skill      XL: |  1  2  3  4  5  6 |
---------------+-------------------+-----
Long Blades    | 3 4 5 6 7 |  7.3
Fighting       | |  3.0
Armour         | |  2.4
Shields        | |  2.4

Action                   |  1- 3 |  4- 6 || total
-------------------------+-------+-------++-------
Melee: Long sword        |   107 |    81 ||   188
       Tailslap          |    13 |     8 ||    21
 Abil: Rolling Charge    |     9 |    15 ||    24
Armor: Scale mail        |    61 |     3 ||    64
       Ring mail         |       |    28 ||    28
Dodge: Dodged            |    36 |    26 ||    62
Block: Buckler           |    26 |     5 ||    31
